 Dungeon Crawl Stone Soup version 0.31-a0-339-gda1cbd555d (webtiles) character file.

Game seed: 2089790570060407843

59 tilp the Sneak (level 3, -8/26 HPs)
             Began as a Vampire Enchanter on July 20, 2023.
             Mangled by an ogre
             ... wielding a +0 giant club
              (34 damage)
             ... on level 3 of the Dungeon.
             The game lasted 00:02:57 (2524 turns).

tilp the Sneak (Vampire Enchanter)                  Turns: 2524, Time: 00:02:58

Health: -8/26      AC:  3    Str:  7    XL:     3   Next: 78%
Magic:  2/6        EV: 12    Int: 19    God:
Gold:   103        SH:  0    Dex: 14    Spells: 2/7 levels left

rFire   . . .        a - +1 dagger (elec)
rCold   . . .        (no shield)
rNeg    . . .        b - +0 robe
rPois   .            (no helmet)
rElec   .            (no cloak)
rCorr   .            j - +0 pair of gloves
SInv    +            (no boots)
Will    +....        (no amulet)
Stlth   +++          n - ring of willpower
HPRegen 0.44/turn    (no ring)
MPRegen 0.10/turn

%: no passive effects
@: healing quickly
A: alive, fangs 3, see invisible, vampiric 2
a: Exsanguinate


You were on level 3 of the Dungeon.
You visited 1 branch of the dungeon, and saw 3 of its levels.

You collected 103 gold pieces.

Inventory:

Hand Weapons
 a - a +1 dagger of electrocution (weapon)
Missiles
 d - 16 stones (quivered)
 f - 2 poisoned darts
 k - 4 atropa-tipped darts
 o - 6 javelins
Armour
 b - a +0 robe (worn)
 j - a +0 pair of gloves (worn)
Jewellery
 n - a ring of willpower (left hand)
Talismans
 e - a beast talisman
Scrolls
 i - a scroll of silence {unknown}
 l - a scroll of vulnerability {unknown}
 m - a scroll of fog
 p - a scroll of teleportation {unknown}
Potions
 c - 2 potions of invisibility
 g - a potion of lignification
 h - a potion of heal wounds {unknown}
 q - a potion of brilliance {unknown}


   Skills:
 * Level 1.3 Fighting
 * Level 2.1 Short Blades
 + Level 2.5 Dodging
 + Level 4.7 Stealth
 * Level 2.5 Spellcasting
 + Level 4.6 Hexes


You had 2 spell levels left.
You knew the following spells:

 Your Spells              Type           Power      Damage    Failure   Level
a - Ensorcelled Hibernat  Hex/Ice        22%        N/A       10%         2
b - Confusing Touch       Hex            20%        N/A       7%          3

Your spell library contained the following spells:

 Spells                   Type           Power      Damage    Failure   Level
 Cigotuvi's Dreadful Rot  Necr/Pois/Air  4%         N/A       24%         2
 Lesser Beckoning         Tloc           4%         N/A       24%         2
 Sublimation of Blood     Necr           2%         N/A       24%         2
 Wereblood                Tmut           2%         N/A       24%         2
 Tukima's Dance           Hex            20%        N/A       7%          3
 Dazzling Flash           Conj/Hex       22%        N/A       19%         3
 Gell's Gravitas          Tloc           2%         N/A       43%         3
 Ignite Poison            Fire/Tmut/Pois 2%         N/A       43%         3
 Teleport Other           Tloc           2%         N/A       43%         3
 Freezing Cloud           Conj/Ice/Air   1%         6-21      99%         5
 Summon Hydra             Summ           1%         N/A       100%        7


Dungeon Overview and Level Annotations

Branches:
Dungeon (3/15)

Altars:
Gozag
Hepliaklqana

Shops:
D:1 [

Annotations:
D:3 3 runed translucent doors, hackum's ghost, amateur OpGl


Innate Abilities, Weirdness & Mutations

Your natural rate of healing is accelerated.
You have razor-sharp teeth.
You have supernaturally acute eyesight. (SInv)
You are afflicted with vampirism and can become a bat while bloodless.


Message History

You now have 103 gold pieces (gained 7).
A bat comes into view.
A bat is nearby!
The helpless bat fails to defend itself.
You impale the bat!! Lightning courses through the bat!
You kill the bat!
Found a stone staircase leading down.
An orc comes into view. It is wielding a +0 dagger.
An orc is nearby!
An orc is nearby!
An orc is nearby!
The helpless orc fails to defend itself.
You impale the orc!!
You kill the orc!
Things that are here:
a +0 dagger; a +0 leather armour; an orc corpse An ogre and a rat come into view.
There are monsters nearby!
There are monsters nearby!
There are monsters nearby!
The ogre shouts!
Casting: Ensorcelled Hibernation (safe; 10% risk of failure)
Confirm with . or Enter, or press ? or * to list all spells.
Aiming: Ensorcelled Hibernation (safe; 10% risk of failure)
Press: ? - help, Shift-Dir - straight line, f - rat
Aim: a rat (chance to affect: 62%)
The rat looks drowsy...
Unknown command.
The helpless rat fails to defend itself.
You impale the rat!! Lightning courses through the rat!
You kill the rat!
Casting: Ensorcelled Hibernation (safe; 10% risk of failure)
Confirm with . or Enter, or press ? or * to list all spells.
Aiming: Ensorcelled Hibernation (safe; 10% risk of failure)
Press: ? - help, Shift-Dir - straight line, f - ogre
Aim: an ogre, wielding a +0 giant club (chance to affect: 45%)
The ogre resists with some effort.
The ogre hits you with a +0 giant club!!
Ouch! That really hurt!
You die...

### ** ##.## **# ,*
#######...#### **.## ,*
#....).....>@#**...## ,*
#.##.##...#.O##.....#******** ,**
*,*#.###..#.....O....,,,,,,,*
,,***,*#......##.####.###******,*
,,,*#.##.........# *,* *,*
,,,,#.........#### *,* *,*
,,>,#####.##### **+** *,,
,,,,#####.##### **,,,** ***
,,,*#.........# **,,,,,** ***


You could see an ogre.

Vanquished Creatures
  An adder (D:2)
  A worm (D:2)
  2 dart slugs
  An orc (D:3)
  7 endoplasms
  2 giant cockroaches
  2 goblins
  4 hobgoblins
  3 quokkas
  3 ball pythons
  2 bats
  2 frilled lizards (D:2)
  4 kobolds
  4 rats
38 creatures vanquished.

Notes
Turn   | Place    | Note
-------+----------+-------------------------------------------
     0 | D:1      | tilp the Vampire Enchanter began the quest for the Orb.
     0 | D:1      | Reached XP level 1. HP: 13/13 MP: 3/3
   334 | D:1      | Reached XP level 2. HP: 20/20 MP: 5/5
   337 | D:1      | Learned a level 2 spell: Ensorcelled Hibernation
   538 | D:1      | Found Kacigeoj's Antique Armour Boutique.
  1470 | D:2      | Reached skill level 1 in Fighting
  1548 | D:2      | Identified the +1 leather armour "Ydwon" {Harm Dex+2}
  1757 | D:2      | Gained mutation: You are afflicted with vampirism and can
                  | become a bat while bloodless. [Vampire growth]
  1757 | D:2      | Reached XP level 3. HP: 26/26 MP: 3/6
  1812 | D:2      | Learned a level 3 spell: Confusing Touch
  2222 | D:3      | Found a hazy altar of Hepliaklqana.
  2427 | D:3      | Found a runed translucent gate.
  2427 | D:3      | Found a runed translucent gate.
  2427 | D:3      | Found an opulent altar of Gozag.
  2427 | D:3      | Found a runed translucent gate.
  2433 | D:3      | Noticed hackum's ghost (amateur OpGl)
  2516 | D:3      | Noticed an ogre
  2524 | D:3      | Mangled by an ogre

Illustrated notes

Levels and vault maps discovered:
D:1:      lemuel_arrival_rhombus, layout_loops_corners, serial_shops,
          nicolae_shop_behind_doors
D:2:      layout_basic
D:3:      layout_loops_corners, riverfiend_overflow_shadow_ancestor,
          ebering_ghost_gozag, nicolae_ecumenical_oubliette

Skill      XL: |  1  2  3 |
---------------+----------+-----
Fighting       | 1 |  1.3
Short Blades   | 2 |  2.1
Dodging        | |  2.5
Stealth        | |  4.7
Spellcasting   | |  2.5
Hexes          | |  4.6

Action                     || total
---------------------------++-------
  Melee: Dagger            ||    70
         Bite              ||     6
   Cast: Ensorcelled Hiber ||    13
    Use: Scroll            ||     7
   Stab: Sleeping          ||    20
 Armour: Robe              ||     7
  Dodge: Dodged            ||    30

Table legend: (Time is in decaauts)
 A = Elapsed time spent in this place.
 B = Non-inter-level travel time spent in this place.
 C = Inter-level travel time spent in this place.
 D = Time resting spent in this place.
 E = Time spent auto-exploring this place.
 F = Levels seen in this place.
 G = Mean time per level.
                   A        B        C        D        E       F      G
               +--------+--------+--------+--------+--------+-----+--------+
         Total |   2517 |   2352 |    165 |     32 |   1990 |   3 |  839.0 |
       Dungeon |   2517 |   2352 |    165 |     32 |   1990 |   3 |  839.0 |
               +--------+--------+--------+--------+--------+-----+--------+

Top non-repeatable levels by time:
     D:1: 1110 daAuts
     D:2: 1102 daAuts
     D:3: 305 daAuts
